 Dungeon Crawl Stone Soup version 0.30.0-3-ga4e48a9924 (webtiles) character file.

Game seed: 12024706402788453883

121 Kaboulah the Shooter (level 4, -27/38 HPs)
             Began as a Minotaur Hunter on May 8, 2023.
             Killed by an exploding Natasha (35 damage)
             ... ignited by their inner flame
             ... on level 2 of the Dungeon.
             The game lasted 00:17:09 (1568 turns).

Kaboulah the Shooter (Minotaur Hunter)              Turns: 1568, Time: 00:17:13

Health: -27/38     AC:  3    Str: 15    XL:     4   Next: 77%
Magic:  3/3        EV: 13    Int:  6    God:
Gold:   54         SH:  5    Dex: 16    Spells: 3/3 levels left

rFire   . . .        a - +0 shortbow
rCold   . . .        (shield currently unavailable)
rNeg    . . .        c - +0 leather armour
rPois   .            (helmet restricted)
rElec   .            (no cloak)
rCorr   .            (no gloves)
SInv    .            (no boots)
Will    .....        i - amulet of reflection
Stlth   +            (no ring)
HPRegen 0.26/turn    (no ring)
MPRegen 0.08/turn

%: reflection
@: slowed, very slow
A: horns 2, retaliatory headbutt
a: no special abilities


You were on level 2 of the Dungeon.
You visited 1 branch of the dungeon, and saw 2 of its levels.

You collected 54 gold pieces.

Inventory:

Hand Weapons
 a - a +0 shortbow (weapon)
Armour
 c - a +0 leather armour (worn)
 f - an orb of energy
Jewellery
 i - an amulet of reflection (around neck)
Scrolls
 b - a scroll of immolation
 e - 2 scrolls of identify {unknown}
 g - a scroll of magic mapping {unknown}
 j - a scroll of amnesia {unknown}
 n - a scroll of vulnerability {unknown}
 o - a scroll of teleportation {unknown}
Potions
 d - a potion of flight {unknown}
 h - 2 potions of attraction {unknown}
 k - a potion of curing
 l - a potion of brilliance {unknown}
 m - a potion of cancellation {unknown}
 p - a potion of might {unknown}


   Skills:
 + Level 3.5 Fighting
 * Level 5.2 Ranged Weapons
 + Level 1.4 Armour
 * Level 3.5 Dodging
 - Level 0.7 Stealth
 * Level 0.2 Spellcasting
 * Level 0.2 Summonings
 * Level 0.1 Air Magic


You had 3 spell levels left.
You didn't know any spells.
Your spell library contained the following spells:

 Spells                   Type           Power      Damage    Failure   Level
 Summon Small Mammal      Summ           0%         N/A       50%         1
 Necrotise                Necr           0%         1d4       52%         1
 Shock                    Conj/Air       0%         1d3       52%         1
 Slow                     Hex            0%         N/A       52%         1
 Call Canine Familiar     Summ           0%         N/A       86%         3
 Summon Guardian Golem    Hex/Summ       0%         N/A       86%         3
 Swiftness                Air            0%         N/A       86%         3
 Confusing Touch          Hex            0%         N/A       88%         3
 Vampiric Draining        Necr           0%         2d6       88%         3
 Airstrike                Air            0%         2d(0-16)  99%         4
 Cause Fear               Hex            0%         N/A       99%         4
 Agony                    Necr           0%         N/A       100%        5
 Dragon Form              Tmut           0%         N/A       100%        7
 Dragon's Call            Summ           0%         N/A       100%        9


Dungeon Overview and Level Annotations

Branches:
Dungeon (2/15)

Altars:


Innate Abilities, Weirdness & Mutations

You have a pair of horns on your head.
You reflexively headbutt those who attack you in melee.


Message History

Natasha closely misses you.
You shoot an arrow. The arrow hits Natasha!
Natasha is heavily wounded.
The cerulean imp hits you but does no damage.
Natasha casts a spell at you. The magic dart hits you!
You shoot an arrow. The arrow hits Natasha.
Natasha is severely wounded.
You feel yourself speed up. The cerulean imp barely misses you.
Natasha claws you. The cerulean imp closely misses you. Natasha claws you.
Natasha stares at you and mumbles some strange words.
You feel yourself slow down.
The cerulean imp hits you from afar with a +1 spear.
You shoot an arrow. The arrow barely misses Natasha.
The cerulean imp hits you but does no damage.
Natasha barely misses you.
You shoot an arrow. The arrow closely misses Natasha.
You block the cerulean imp's attack. You block Natasha's attack.
The cerulean imp hits you but does no damage.
Natasha howls an incantation.
Natasha's front paws start to glow.
Natasha claws you.
* * * LOW HITPOINT WARNING * * *
As you read the scroll of immolation, it crumbles to dust.
The creatures around you are filled with an inner flame!
The cerulean imp hits you from afar with a +1 spear.
* * * LOW HITPOINT WARNING * * *
Natasha barely misses you.
The cerulean imp hits you from afar with a +1 spear.
* * * LOW HITPOINT WARNING * * *
Natasha barely misses you.
It was a potion of curing.
You feel better.
The cerulean imp disappears in a puff of smoke!
Natasha closely misses you. You furiously retaliate!
You headbutt Natasha!
Natasha growls in agony!
Natasha explodes!
The fiery explosion engulfs you!!
Ouch! That really hurt!
You die...

#>........>.........###.#...
######........##............
#.#.......)..#.###.....
#.##.##.###..### #...#.
###.##.........# #...#.
#..÷......####.# #.....
......#.###§### #.# #..#..
#######....†§#####.#####..#..
........§@§...............
.#######..####.######..#.#
#..# #.........#.#
#..###########....#
#............)....#
#....>.#######...##
######.########.##
#..........# ############


There were no monsters in sight!

Vanquished Creatures
  A howler monkey (D:2)
  Natasha (twice) (D:2)
  An adder (D:2)
  A worm (D:2)
  A dart slug (D:2)
  2 bats
  2 endoplasms (D:1)
  2 giant cockroaches (D:2)
  6 goblins
  A hobgoblin (D:1)
  5 quokkas
  7 ball pythons
  5 frilled lizards (D:1)
  3 kobolds
  8 rats
47 creatures vanquished.

Notes
Turn   | Place    | Note
-------+----------+-------------------------------------------
     0 | D:1      | Kaboulah the Minotaur Hunter began the quest for the Orb.
     0 | D:1      | Reached XP level 1. HP: 18/18 MP: 0/0
   233 | D:1      | Reached XP level 2. HP: 20/25 MP: 1/1
   815 | D:1      | Reached XP level 3. HP: 31/31 MP: 2/2
  1081 | D:2      | Reached skill level 5 in Ranged Weapons
  1081 | D:2      | Reached skill level 1 in Armour
  1081 | D:2      | Reached XP level 4. HP: 37/38 MP: 3/3
  1153 | D:2      | Identified the +3 mace "Qimick" {heavy, rN+ Str+4}
  1540 | D:2      | Noticed Natasha
  1548 | D:2      | Killed Natasha
  1557 | D:2      | Noticed Natasha
  1566 | D:2      | HP: 1/38 [cerulean imp/+1 spear[Natasha] (4)]
  1568 | D:2      | Killed Natasha
  1568 | D:2      | Killed by an exploding Natasha... ignited by their inner
                  | flame

Illustrated notes

Levels and vault maps discovered:
D:1:      dpeg_arrival_ratfight, layout_basic, minmay_3d_cube
D:2:      layout_loops_ring, uniq_natasha

Skill      XL: |  1  2  3 |
---------------+----------+-----
Fighting       | 3 |  3.5
Dodging        | 3 |  3.5
Ranged Weapons | 5 |  5.2
Armour         | 1 |  1.4
Stealth        | |  0.7
Spellcasting   | |  0.2
Summonings     | |  0.2
Air Magic      | |  0.1

Action                     |  1- 3 |  4- 6 || total
---------------------------+-------+-------++-------
   Fire: Shortbow          |    99 |    27 ||   126
    Use: Scroll            |       |     1 ||     1
         Potion            |       |     1 ||     1
 Armour: Leather armour    |    15 |     4 ||    19
  Dodge: Dodged            |    27 |     9 ||    36
  Block: Other             |     8 |     3 ||    11
